 Dungeon Crawl Stone Soup version 0.21.1-1-g345015f (webtiles) character file.

100 Golfball the Chopper (level 4, -5/28 HPs)
             Began as a Gargoyle Fighter on May 3, 2018.
             Killed by divine providence
             ... invoked by an orc priest
              (8 damage)
             ... on level 3 of the Dungeon.
             The game lasted 00:09:11 (2089 turns).

Golfball the Chopper (Gargoyle Fighter)             Turns: 2089, Time: 00:09:12

Health: -5/28      AC: 11    Str: 29    XL:     4   Next: 74%
Magic:  4/4        EV:  7    Int:  9    God:
Gold:   52         SH: 10    Dex:  9    Spells: 3/3 levels left

rFire    . . .     SeeInvis .   a - +0 war axe
rCold    . . .     Gourm    .   c - +0 shield
rNeg     + . .     Faith    .   b - +0 scale mail
rPois    ∞         Spirit   .   (no helmet)
rElec    +         Reflect  .   (no cloak)
rCorr    .         Harm     .   j - +0 pair of gloves
MR       +....                  (no boots)
Stlth    ..........             (no amulet)
HPRegen  0.09/turn              v - ring of protection from magic
MPRegen  0.09/turn              u - +4 ring of strength

@: mighty
A: negative energy resistance 1, electricity resistance, unbreathing,
petrification resistance, rot immunity, AC +3
a: no special abilities


You were on level 3 of the Dungeon.
You were not hungry.

You visited 1 branch of the dungeon, and saw 3 of its levels.

You collected 52 gold pieces.

Inventory:

Hand Weapons
 a - a +0 war axe (weapon)
Missiles
 h - 97 stones (quivered)
 n - 27 sling bullets
Armour
 b - a +0 scale mail (worn)
 c - a +0 shield (worn)
 j - a +0 pair of gloves (worn)
Jewellery
 u - a +4 ring of strength (right hand)
 v - a ring of protection from magic (left hand)
Scrolls
 e - a scroll of magic mapping {unknown}
 k - 2 scrolls of blinking
 m - a scroll of remove curse
 q - a scroll of teleportation {unknown}
 r - a scroll of enchant weapon {unknown}
 x - a scroll of immolation {unknown}
Potions
 i - a potion of curing
 o - a potion of agility
 p - a potion of invisibility
 s - 2 potions of brilliance
 t - a potion of magic
 w - a potion of heal wounds {unknown}
Comestibles
 f - 3 rations
 g - 4 chunks of flesh


   Skills:
 - Level 3.2 Fighting
 + Level 4.3 Axes
 - Level 3.2 Armour
 - Level 3.2 Shields


You had 3 spell levels left.
You didn't know any spells.

Dungeon Overview and Level Annotations

Branches:
Dungeon (3/15)

Altars:
Yredelemnul
The Shining One


Innate Abilities, Weirdness & Mutations

You are resistant to torment.
Your stone body is resilient. (AC +3)
You are immune to poison.
You resist negative energy. (rN+)
You are resistant to electric shocks. (rElec)
You can survive without breathing.
You are immune to petrification.
You are immune to rotting.


Message History

The orc priest mumbles some strange prayers to Beogh against you.
Beogh smites you!
* * * LOW HITPOINT WARNING * * *
You block the orc's attack.
You hear a shout!
You hit the orc.
The orc is almost dead.
The orc hits you but does no damage.
You hit the orc.
You kill the orc!
You barely miss the orc. The orc barely misses you. x2
You barely miss the orc. The orc hits you.
* * * LOW HITPOINT WARNING * * *
An orc comes into view. It is wielding a whip.
You closely miss the orc. The orc hits you but does no damage.
The orc priest miscasts a cantrip.
You barely miss the orc. You block the orc's attack.
The orc priest invokes the aid of Beogh against you.
Beogh smites you!
You die...

..# # ...# #o ...
#.#.o####
########...
#...oo@.# #.......#
###..##.# #.......#
.....##.###.......#
.#.................#
#<##.###.#........#
# # #.#........#####
..###.##........
#### #...........
#............


You could see an orc priest and 3 orcs.

Vanquished Creatures
  2 adders (D:2)
  A gnoll (D:1)
  An ooze (D:2)
  A dart slug (D:2)
  A leopard gecko (D:2)
  An orc (D:3)
  A ball python (D:3)
  10 bats
  2 giant cockroaches (D:2)
  9 goblins
  9 hobgoblins
  3 jackals (D:2)
  10 kobolds
  5 frilled lizards
  2 rats (D:1)
  A spectral orc (D:2)
59 creatures vanquished.

Notes
Turn   | Place    | Note
-------+----------+-------------------------------------------
     0 | D:1      | Golfball the Gargoyle Fighter began the quest for the Orb.
     0 | D:1      | Reached XP level 1. HP: 14/14 MP: 1/1
    39 | D:1      | Reached skill level 2 in Axes
   124 | D:1      | Reached XP level 2. HP: 16/19 MP: 2/2
   397 | D:1      | Reached skill level 3 in Axes
   502 | D:1      | Reached XP level 3. HP: 12/23 MP: 3/3
  1112 | D:2      | Reached XP level 4. HP: 28/28 MP: 4/4
  1288 | D:2      | Found a basalt altar of Yredelemnul.
  1354 | D:2      | Reached skill level 4 in Axes
  1635 | D:2      | Found a glowing golden altar of the Shining One.
  2089 | D:3      | Killed from afar by an orc priest

Skill      XL: |  1  2  3  4 |
---------------+-------------+-----
Axes           | 2 3 4 |  4.3
Fighting       | |  3.2
Armour         | |  3.2
Shields        | |  3.2

Action                   |  1- 3 |  4- 6 || total
-------------------------+-------+-------++-------
Melee: War axe           |   155 |    95 ||   250
  Use: Scroll            |       |     7 ||     7
       Potion            |       |     1 ||     1
  Eat: Chunk             |     1 |     3 ||     4
Armor: Scale mail        |    82 |    56 ||   138
Dodge: Dodged            |    45 |    25 ||    70
Block: Shield            |    93 |    56 ||   149
